 Dungeon Crawl Stone Soup version 0.27-a0-1358-ga0a28fc8c3 (webtiles) character file.

Game seed: 3801544923184159249

107 Delamore the Sneak (level 4, -4/31 HPs)
             Began as an Octopode Brigand on June 28, 2021.
             Slain by a hobgoblin (6 damage)
             ... led by Robin
             ... on level 3 of the Dungeon.
             The game lasted 00:01:49 (2290 turns).

Delamore the Sneak (Octopode Brigand)               Turns: 2290, Time: 00:01:50

Health: -4/31      AC:  1    Str: 10    XL:     4   Next: 85%
Magic:  4/4        EV: 12    Int: 13    God:
Gold:   88         SH:  0    Dex: 14    Spells: 3/3 levels left

rFire    . . .     SeeInvis .   e - +2 dagger (elec)
rCold    + . .     Faith    .   (no shield)
rNeg     . . .     Spirit   .   (helmet restricted)
rPois    .         Reflect  .   (no amulet)
rElec    .         Harm     .   m - ring of wizardry
rCorr    .         Rampage  .   (no ring)
Will     .....                  (no ring)
Stlth    ++++......             (no ring)
HPRegen  0.10/turn              (no ring)
MPRegen  0.09/turn              (no ring)
                                (no ring)
                                (no ring)

@: lethally poisoned (-4 -> -14), unable to read
A: almost no armour, amphibious, 8 rings, camouflage 1, gelatinous body 1,
(nimble swimmer 1), tentacles, cold resistance 1, inability to read while
threatened
a: no special abilities


You were on level 3 of the Dungeon.
You visited 1 branch of the dungeon, and saw 3 of its levels.

You collected 88 gold pieces.

Inventory:

Hand Weapons
 a - a +2 dagger
 e - a +2 dagger of electrocution (weapon)
Missiles
 b - 7 poisoned darts (quivered)
 c - 2 curare-tipped darts
Jewellery
 m - a ring of wizardry (left tentacle)
Scrolls
 g - a scroll of identify
 j - 2 scrolls of immolation
 q - a scroll of magic mapping
Potions
 d - a potion of attraction
 f - a potion of haste
 i - a potion of might {unknown}
 l - a potion of lignification {unknown}
 n - a potion of curing
 p - 2 potions of heal wounds {unknown}
 r - a potion of mutation


   Skills:
 + Level 3.2 Fighting
 + Level 3.2 Short Blades
 - Level 2.0 Throwing
 - Level 1.0 Dodging
 + Level 6.4 Stealth


You had 3 spell levels left.
You didn't know any spells.
Your spell library was empty.

Dungeon Overview and Level Annotations

Branches:
Dungeon (3/15)

Altars:

Annotations:
D:3 Robin


Innate Abilities, Weirdness & Mutations

You cannot wear most types of armour.
You are amphibious.
You can wear up to eight rings at the same time.
Your skin changes colour to match your surroundings (Stealth+).
Your rubbery body absorbs attacks. (AC +1, EV +1)
((You are camouflaged near water. (Stealth+)))
You have tentacles for arms and can constrict up to eight enemies at once.
Your flesh is cold resistant. (rC+)
You sometimes lose the ability to read scrolls when taking damage.


Message History

The goblin is severely wounded.
You constrict the goblin.
You kill the goblin!
Robin throws the goblin at you! The goblin hits you with a +0 club.
The goblin closely misses you.
You closely miss the goblin. You grab the goblin. You squeeze the goblin.
You kill the goblin!
Robin roars a battlecry!
The goblins go into a battle-frenzy!
The goblin closely misses you. The hobgoblin hits you. The goblin misses you.
The goblin hits you with a +0 dagger.
You hit the goblin. Your grab misses the goblin. You squeeze the goblin.
You kill the goblin!
The goblin hits you with a +0 club. The goblin closely misses you.
The goblin hits you but does no damage.
You are too injured to fight recklessly!
You are too injured to fight recklessly!
You are too injured to fight recklessly!
You are too injured to fight recklessly!
You are too injured to fight recklessly!
You are too injured to fight recklessly!
The goblin hits you with a +0 club.
* * * LOW HITPOINT WARNING * * *
The hobgoblin closely misses you. The goblin hits you with a +0 dagger.
* * * LOW HITPOINT WARNING * * *
You feel better. The goblin closely misses you.
The goblin hits you with a +0 dagger.
* * * LOW HITPOINT WARNING * * *
The goblin misses you. The hobgoblin hits you.
* * * LOW HITPOINT WARNING * * *
It was a potion of mutation.
You feel extremely strange.
You feel resistant to cold.
You lose the ability to read scrolls when threatened.
The goblin hits you with a +2 dagger of venom.
You feel threatened and lose the ability to read scrolls!
* * * LOW HITPOINT WARNING * * *
You are lethally poisoned!
The goblin barely misses you. The goblin hits you but does no damage.
The hobgoblin hits you.
You die...

####.# #... #....# #...
#....# ..#..... ...
#....# #..#....# ##
#....#.#........ #
#....#.#.##....#####
#.)g..............##
#gggg..........##.#
##.g@g##........##.#
#......#.>#......#.#
#.≈≈...#..#.##.#.#.##
#..≈≈.....#....#.....
#...≈≈....#.######... ###
#..≈≈................
#.###...≈≈....########...
#................. .....
#.#####..###.##### ####..


You could see Robin, 2 hobgoblins and 4 goblins.

Vanquished Creatures
  Terence (D:3)
  3 gnolls (D:2)
  An adder (D:2)
  A dart slug (D:2)
  An orc (D:3)
  6 endoplasms
  A giant cockroach (D:3)
  4 goblins (D:3)
  4 hobgoblins
  2 jackals (D:1)
  3 kobolds (D:2)
  A quokka (D:2)
  5 ball pythons
  3 bats (D:2)
  3 rats
39 creatures vanquished.

Notes
Turn   | Place    | Note
-------+----------+-------------------------------------------
     0 | D:1      | Delamore the Octopode Brigand began the quest for the Orb.
     0 | D:1      | Reached XP level 1. HP: 14/14 MP: 1/1
   363 | D:1      | Reached XP level 2. HP: 19/19 MP: 2/2
   414 | D:1      | Found a faded altar of an unknown god.
  1167 | D:2      | Reached XP level 3. HP: 25/25 MP: 3/3
  1365 | D:2      | Reached skill level 6 in Stealth
  1414 | D:2      | Reached XP level 4. HP: 11/30 MP: 4/4
  2019 | D:3      | Noticed Terence
  2027 | D:3      | Killed Terence
  2279 | D:3      | Noticed Robin
  2290 | D:3      | Gained mutation: Your flesh is cold resistant. (rC+)
                  | [potion of mutation]
  2290 | D:3      | Gained mutation: You sometimes lose the ability to read
                  | scrolls when taking damage. [potion of mutation]
  2290 | D:3      | Slain by a hobgoblin

Illustrated notes

Levels and vault maps discovered:
D:1:      dpeg_arrival_rhombus, layout_rooms, hellmonk_ecumenical_altar_blasted,
          minmay_misc_feat_secret_circle
D:2:      layout_loops_ring, minmay_heptomino_h4
D:3:      layout_basic, chequers_jeans, dk_vineyard_3, uniq_terence,
          uniq_crazy_yiuf_cottage, uniq_robin

Skill      XL: |  1  2  3  4 |
---------------+-------------+-----
Stealth        | 6 |  6.4
Short Blades   | 3 |  3.2
Fighting       | 3 |  3.2
Throwing       | |  2.0
Dodging        | |  1.0

Action                   |  1- 3 |  4- 6 || total
-------------------------+-------+-------++-------
Melee: Dagger            |    45 |    21 ||    66
       Constrict         |     9 |     4 ||    13
       Tentacles         |     6 |     8 ||    14
Throw: Dart              |     6 |       ||     6
  Use: Scroll            |     1 |     6 ||     7
       Potion            |       |     2 ||     2
 Stab: Sleeping          |     9 |     3 ||    12
Armor: Skin              |     3 |     4 ||     7
Dodge: Dodged            |    27 |    14 ||    41

Table legend: (Time is in decaauts)
 A = Elapsed time spent in this place.
 B = Non-inter-level travel time spent in this place.
 C = Inter-level travel time spent in this place.
 D = Time resting spent in this place.
 E = Time spent auto-exploring this place.
 F = Levels seen in this place.
 G = Mean time per level.
                   A        B        C        D        E       F      G
               +--------+--------+--------+--------+--------+-----+--------+
         Total |   2279 |   2237 |     42 |    150 |   1805 |   3 |  759.7 |
       Dungeon |   2279 |   2237 |     42 |    150 |   1805 |   3 |  759.7 |
               +--------+--------+--------+--------+--------+-----+--------+

Top non-repeatable levels by time:
     D:2: 1253 daAuts
     D:1: 670 daAuts
     D:3: 356 daAuts
